 Dungeon Crawl Stone Soup version 0.31-a0-232-gb1c03b2570 (webtiles) character file.

Game seed: 4014736514855570858

10813 qw the Skirmisher (level 11, -12/71 HPs)
             Began as a Gargoyle Hexslinger on July 7, 2023.
             Was a Priest of Okawaru.
             Mangled by a death yak (14 damage)
             ... on level 2 of the Lair of Beasts.
             The game lasted 00:03:26 (7767 turns).

qw the Skirmisher (Gargoyle Hexslinger)             Turns: 7767, Time: 00:03:26

Health: -12/71     AC: 17    Str: 12    XL:     11   Next: 68%
Magic:  14/14      EV: 19    Int: 14    God:    Okawaru [***...]
Gold:   561        SH:  0    Dex: 22    Spells: 11/12 levels left

rFire   . . .        Y - +1 longbow (drain)
rCold   . . .        (shield currently unavailable)
rNeg    + . .        h - +1 leather armour "Ofoaguad" {Regen+ Stlth+}
rPois   inf          q - +2 helmet
rElec   +            m - +0 cloak
rCorr   .            (no gloves)
SInv    +            (no boots)
Will    .....        (no amulet)
Stlth   ++++         a - +6 ring of dexterity
HPRegen 1.11/turn    e - ring of see invisible
MPRegen 0.14/turn

%: no passive effects
@: about to teleport, heroic
A: sickness immunity, AC +8, negative energy resistance 1, electricity
resistance, torment resistance 1, petrification resistance
a: Renounce Religion, Heroism


You were on level 2 of the Lair of Beasts.
You worshipped Okawaru.
Okawaru was most pleased with you.
You visited 3 branches of the dungeon, and saw 12 of its levels.

You collected 561 gold pieces.


Innate Abilities, Weirdness & Mutations

You are immune to sickness and miasma.
Your stone body is resilient. (AC +8)
You are immune to poison.
You resist negative energy. (rN+)
You are resistant to electric shocks. (rElec)
You are resistant to unholy torment.
You are immune to petrification.


   Skills:
 + Level 9.5(14.5) Fighting
 - Level 14.0(19.0) Ranged Weapons
 - Level 3.4(8.4) Armour
 - Level 5.0(10.0) Dodging
 - Level 1.0 Spellcasting
 - Level 2.6 Hexes
 - Level 4.2 Invocations


You had 11 spell levels left.
You knew the following spells:

 Your Spells              Type           Power      Damage    Failure   Level
a - Slow                  Hex            32%        N/A       11%         1

Your spell library contained the following spells:

 Spells                   Type           Power      Damage    Failure   Level
 Inner Flame              Hex/Fire       4%         N/A       50%         3
 Portal Projectile        Hex/Tloc       8%         N/A       50%         3
 Cause Fear               Hex            4%         N/A       71%         4

Inventory:

Hand Weapons
 Y - a +1 longbow of draining (weapon)
Armour
 h - the +1 leather armour "Ofoaguad" (worn) {Regen+ Stlth+}
   (You found it on level 6 of the Dungeon)

   Regen:     It increases your rate of health regeneration.
   Stlth:     It makes you more stealthy.
 m - a +0 cloak (worn)
 q - a +2 helmet (worn)
Jewellery
 a - a +6 ring of dexterity (left hand)
 d - a ring of fire
 e - a ring of see invisible (right hand)
 n - a +6 ring of strength
Wands
 k - a wand of digging (5)
Scrolls
 b - a scroll of identify
 c - a scroll of teleportation
Potions
 g - a potion of haste
 i - a potion of mutation
 j - 2 potions of enlightenment
 l - a potion of magic {unknown}
 o - 3 potions of curing
 p - a potion of ambrosia {unknown}

Dungeon Overview and Level Annotations

Branches:
Dungeon (9/15)             Temple (1/1) D:4            Lair (2/5) D:8
  Swamp: Lair:2-3    Shoals: Lair:2-3     Snake: Lair:2-3    Spider: Lair:2-3
    Orc: D:9-12

Altars:
Ashenzari
Cheibriados
Dithmenos
Elyvilon
Fedhas
Gozag
Hepliaklqana
Kikubaaqudgha
Makhleb
Nemelex Xobeh
Okawaru
Qazlal
Ru
Sif Muna
Trog
Uskayaw
Vehumet
Xom
Yredelemnul
The Shining One

Annotations:
Lair:1 1 runed translucent door, qw's ghost, journeyman MiHs


Message History

The death yak misses you.
You shoot an arrow.
The arrow hits the death yak but does no damage.
You drain the death yak.
The death yak is lightly wounded.
The death yak completely misses you. The death yak gores you.
The death yak gores you but does no damage.
You shoot an arrow. The arrow hits the death yak!
You drain the death yak.
The death yak is lightly wounded.
The death yak completely misses you.
The death yak gores you but does no damage.
The death yak gores you. The death yak completely misses you.
You shoot an arrow. The arrow barely misses the death yak.
The death yak gores you. The death yak closely misses you.
The death yak barely misses you. The death yak completely misses you.
You shoot an arrow. The arrow hits the death yak.
The death yak is lightly wounded.
You shoot an arrow. The arrow hits the death yak.
The death yak is moderately wounded.
The death yak completely misses you. The death yak gores you.
The death yak gores you but does no damage. x2
You shoot an arrow.
The arrow completely misses the death yak.
The death yak misses you. The death yak gores you!
The death yak gores you but does no damage.
The death yak closely misses you.
You shoot an arrow.
The arrow completely misses the death yak.
You shoot an arrow.
The arrow hits the death yak but does no damage.
You drain the death yak.
The death yak is moderately wounded.
The death yak gores you!
The death yak gores you but does no damage.
The death yak gores you! x2
7767 ||| READING 2 scrolls of teleportation.
As you read the scroll of teleportation, it crumbles to dust.
You feel strangely unstable. The death yak gores you!
You die...

##...#....
#P.......
#....... ...... .
##.... #.. #..%P#
^.# #.YYY#...#
#..@Y...#
##.....###%%##..#
#...#...#...# #
#......##..#
#.....##...#
#......#...#
#.....##...# ..
##..........#...#
#...............#


You could see 4 death yaks.

Vanquished Creatures
  A boulder beetle (Lair:1)
  2 death yaks (Lair:2)
  A black mamba (Lair:1)
  Joseph (D:8)
  2 cane toads (Lair:1)
  A rime drake (Lair:1)
  A hornet (Lair:1)
  A slime creature (D:9)
  13 yaks
  A steam dragon (D:6)
  Menkaure (D:5)
  Edmund (D:6)
  3 wargs (D:8)
  An acid dragon (D:9)
  3 water moccasins (Lair:1)
  2 sky beasts (D:7)
  3 orc warriors (D:9)
  A black bear (D:6)
  An ice beast (D:6)
  An ogre (D:5)
  8 wolves
  8 centaurs
  3 kobold brigands
  2 gnoll sergeants
  3 bullfrogs
  3 scorpions (D:5)
  5 wights (D:7)
  8 killer bees
  3 howler monkeys (D:9)
  An electric eel (D:6)
  A crimson imp (D:4)
  3 hounds
  5 orc priests
  5 orc wizards
  3 iguanas
  8 adders
  11 gnolls
  A shadow imp (D:7)
  2 white imps
  An ufetubus (D:6)
  4 worms
  3 dart slugs
  23 orcs
  10 ball pythons
  3 endoplasms
  5 giant cockroaches
  9 goblins
  8 hobgoblins
  8 jackals
  3 quokkas
  3 bats
  6 frilled lizards
  15 kobolds
  6 rats
  A spectral goblin (D:1)
232 creatures vanquished.

Notes
Turn   | Place    | Note
-------+----------+-------------------------------------------
     0 | D:1      | qw the Gargoyle Hexslinger began the quest for the Orb.
     0 | D:1      | Reached XP level 1. HP: 12/12 MP: 2/2
     0 | D:1      | 0 ||| qw: Version: 0.3-a-46-gb1f654a
     0 | D:1      | 0 ||| qw: Game counter: 2672
     0 | D:1      | 0 ||| qw: Melee chars always use a shield: true
     0 | D:1      | 0 ||| qw: God list: Okawaru
     0 | D:1      | 0 ||| qw: Allow faded altars: false
     0 | D:1      | 0 ||| qw: Do Orc after clearing Dungeon:15 true
     0 | D:1      | 0 ||| qw: Do second Lair branch before Depths: true
     0 | D:1      | 0 ||| qw: Lair rune preference: random
     0 | D:1      | 0 ||| qw: Goals: Normal
     0 | D:1      | 0 ||| PLANNING D:1-11
    98 | D:1      | Reached XP level 2. HP: 14/16 MP: 3/3
   179 | D:1      | Reached skill level 3 in Ranged Weapons
   194 | D:1      | Found a faded altar of an unknown god.
   195 | D:1      | 195 ||| Stepping ~*~*~tactically~*~*~ (water).
   247 | D:1      | Reached XP level 3. HP: 14/21 MP: 4/4
   514 | D:1      | 514 ||| READING scroll labelled GETEDDIYL.
   515 | D:1      | 515 ||| READING scroll labelled AMUTRA ZYOXUE.
   518 | D:1      | 518 ||| READING scroll labelled ECRI KIEWNE.
   519 | D:1      | 519 ||| READING scroll labelled GUILIMAD OSSU.
   520 | D:1      | 520 ||| READING scroll labelled RUPNOX CAAROHIE.
   521 | D:1      | 521 ||| DROPPING scroll of poison.
   639 | D:2      | Found an ancient bone altar of Kikubaaqudgha.
   743 | D:2      | 743 ||| UPGRADING to +6 ring of dexterity.
   955 | D:2      | Reached XP level 4. HP: 26/26 MP: 5/5
  1035 | D:2      | Reached skill level 4 in Ranged Weapons
  1313 | D:2      | 1313 ||| UPGRADING to +0 leather armour.
  1323 | D:2      | 1323 ||| DROPPING +0 robe.
  1324 | D:2      | 1324 ||| UPGRADING to +0 helmet.
  1329 | D:2      | 1329 ||| READING scroll labelled JAXOSOPHA.
  1329 | D:2      | Identified a scroll of acquirement
  1329 | D:2      | 1329 ||| ACQUIRING +0 longbow of draining
  1329 | D:2      | Acquired a +0 longbow of draining
  1331 | D:2      | 1331 ||| SWAPPING to +0 longbow of draining.
  1332 | D:2      | 1332 ||| DROPPING +1 sling.
  1333 | D:2      | 1333 ||| READING 2 scrolls of identify.
  1333 | D:2      | 1333 ||| IDENTIFYING golden potion
  1521 | D:3      | Reached XP level 5. HP: 30/30 MP: 6/6
  1678 | D:3      | Reached skill level 5 in Ranged Weapons
  1974 | D:3      | 1974 ||| READING scroll labelled UFOQOO VIMEYJO.
  2028 | D:4      | Reached skill level 3 in Fighting
  2104 | D:4      | Found a staircase to the Ecumenical Temple.
  2105 | D:4      | 2105 ||| PLANNING TEMPLE
  2113 | Temple   | Entered the Ecumenical Temple
  2277 | Temple   | 2277 ||| PLANNING D:1-11
  2535 | D:4      | Reached XP level 6. HP: 31/37 MP: 7/7
  2828 | D:4      | 2828 ||| UPGRADING to +0 ring mail.
  2838 | D:4      | 2838 ||| DROPPING +0 leather armour.
  2839 | D:4      | 2839 ||| DROPPING amulet of magic regeneration.
  2840 | D:4      | 2840 ||| READING scroll labelled VIOPUA WUROUMI.
  2841 | D:4      | 2841 ||| DRINKING 3 orange potions.
  2842 | D:4      | 2842 ||| DROPPING 2 potions of degeneration.
  2874 | D:5      | Entered Level 5 of the Dungeon
  2956 | D:5      | Found a snail-covered altar of Cheibriados.
  3002 | D:5      | Reached skill level 1 in Armour
  3068 | D:5      | Noticed Menkaure
  3072 | D:5      | Killed Menkaure
  3073 | D:5      | Reached skill level 6 in Ranged Weapons
  3073 | D:5      | Reached XP level 7. HP: 41/41 MP: 8/8
  3092 | D:5      | Reached skill level 7 in Ranged Weapons
  3397 | D:5      | Found a sparkling altar of Nemelex Xobeh.
  3551 | D:5      | You fall into a shaft and drop 2 floors!
  3585 | D:7      | 3585 ||| UPGRADING to +0 cloak.
  3590 | D:7      | 3590 ||| READING scroll labelled JUETOR ZUALL.
  3591 | D:7      | 3591 ||| READING scroll labelled YNAMYN ASTIOM.
  3592 | D:7      | 3592 ||| READING scroll labelled BAYZOI ZENU.
  3693 | D:7      | 3693 ||| DRINKING 2 lumpy ruby potions.
  3694 | D:7      | 3694 ||| DRINKING 2 emerald potions.
  3725 | D:7      | 3725 ||| READING 2 scrolls of identify.
  3725 | D:7      | 3725 ||| IDENTIFYING bubbling white potion
  3726 | D:7      | 3726 ||| DROPPING potion of attraction.
  3727 | D:7      | 3727 ||| DROPPING potion of lignification.
  3736 | D:6      | 3736 ||| FLEEEEING.
  3737 | D:6      | 3737 ||| FLEEEEING.
  3738 | D:6      | 3738 ||| FLEEEEING.
  3739 | D:6      | 3739 ||| FLEEEEING.
  3740 | D:6      | 3740 ||| FLEEEEING.
  3741 | D:6      | 3741 ||| FLEEEEING.
  3742 | D:6      | 3742 ||| FLEEEEING.
  3743 | D:6      | 3743 ||| STAIRDANCE
  3879 | D:6      | Noticed a steam dragon
  3882 | D:6      | 3882 ||| STAIRDANCE
  3908 | D:6      | 3908 ||| STAIRDANCE
  3968 | D:6      | 3968 ||| Stepping ~*~*~tactically~*~*~ (cloud).
  3972 | D:6      | HP: 8/44 [steam dragon] (10)]
  3973 | D:6      | 3973 ||| READING scroll of teleportation.
  3974 | D:6      | Killed a steam dragon
  3975 | D:6      | Reached XP level 8. HP: 5/48 MP: 9/9
  3977 | D:6      | 3977 ||| Stepping ~*~*~tactically~*~*~ (cloud).
  4148 | D:6      | Reached skill level 8 in Ranged Weapons
  4275 | D:6      | Identified the +1 leather armour "Ofoaguad" {Regen+ Stlth+}
  4299 | D:6      | 4299 ||| FLEEEEING.
  4313 | D:6      | Reached skill level 9 in Ranged Weapons
  4379 | D:6      | Noticed Edmund
  4391 | D:6      | Killed Edmund
  4590 | D:6      | Reached skill level 6 in Fighting
  4734 | D:6      | 4734 ||| UPGRADING to +1 leather armour "Ofoaguad" {Regen+
                  | Stlth+}.
  4744 | D:6      | 4744 ||| DROPPING +0 ring mail.
  4745 | D:6      | 4745 ||| DROPPING ring of magical power.
  4746 | D:6      | 4746 ||| READING scroll labelled BEINGY VAMAORE.
  4747 | D:6      | 4747 ||| DRINKING 2 dark potions.
  4748 | D:6      | 4748 ||| READING 3 scrolls of identify.
  4748 | D:6      | 4748 ||| IDENTIFYING smoky ruby potion
  4749 | D:6      | 4749 ||| READING 2 scrolls of identify.
  4749 | D:6      | 4749 ||| IDENTIFYING ruby potion
  4750 | D:6      | 4750 ||| DROPPING potion of invisibility.
  4796 | D:7      | Reached XP level 9. HP: 55/55 MP: 10/10
  4805 | D:7      | Reached skill level 3 in Dodging
  4840 | D:7      | 4840 ||| FLEEEEING.
  4841 | D:7      | 4841 ||| FLEEEEING.
  4842 | D:7      | 4842 ||| FLEEEEING.
  4843 | D:7      | 4843 ||| FLEEEEING.
  4844 | D:7      | 4844 ||| FLEEEEING.
  4908 | D:7      | Reached skill level 10 in Ranged Weapons
  4941 | D:7      | Found a glowing golden altar of the Shining One.
  5100 | D:7      | Found a radiant altar of Vehumet.
  5199 | D:7      | 5199 ||| FLEEEEING.
  5200 | D:7      | 5200 ||| FLEEEEING.
  5260 | D:7      | 5260 ||| DROPPING ring of wizardry.
  5314 | D:8      | 5314 ||| Stepping ~*~*~tactically~*~*~ (outnumbered).
  5328 | D:8      | Noticed Joseph
  5333 | D:8      | Killed Joseph
  5385 | D:8      | Reached skill level 11 in Ranged Weapons
  5508 | D:8      | 5508 ||| READING scroll of enchant armour.
  5508 | D:8      | 5508 ||| ENCHANTING +0 helmet.
  5628 | D:8      | Found a staircase to the Lair.
  5633 | D:8      | 5633 ||| DRINKING 4 potions of curing.
  5633 | D:8      | 5633 ||| (to cure confusion)
  5634 | D:8      | 5634 ||| Stepping ~*~*~tactically~*~*~ (outnumbered).
  5637 | D:8      | 5637 ||| Stepping ~*~*~tactically~*~*~ (outnumbered).
  5661 | D:8      | Reached XP level 10. HP: 24/63 MP: 11/11
  5815 | D:8      | Identified the +11 whip "Deruj" {venom, rElec Int+2}
  6150 | D:8      | Found a stormy altar of Qazlal.
  6151 | D:8      | Found a burning altar of Makhleb.
  6206 | D:8      | 6206 ||| UPGRADING to ring of see invisible.
  6207 | D:8      | 6207 ||| READING 2 scrolls of identify.
  6207 | D:8      | 6207 ||| IDENTIFYING smoky amethyst potion
  6208 | D:8      | 6208 ||| DROPPING potion of brilliance.
  6294 | D:9      | Identified the +1 kite shield of Spring {Int+3}
  6372 | D:9      | Found an iron altar of Okawaru.
  6373 | D:9      | 6373 ||| PLANNING OKAWARU WORSHIP
  6379 | D:9      | Became a worshipper of Warmaster Okawaru
  6380 | D:9      | 6380 ||| PLANNING D:1-11
  6507 | D:9      | Reached skill level 12 in Ranged Weapons
  6537 | D:9      | Reached * piety under Okawaru
  6598 | D:9      | 6598 ||| FLEEEEING.
  6721 | D:9      | 6721 ||| INVOKING Heroism.
  6726 | D:9      | 6726 ||| DRINKING 4 potions of curing.
  6726 | D:9      | 6726 ||| (to cure confusion)
  6737 | D:9      | 6737 ||| FLEEEEING.
  6738 | D:9      | 6738 ||| FLEEEEING.
  6837 | D:9      | Found a shadowy altar of Dithmenos.
  6891 | D:9      | 6891 ||| PLANNING LAIR
  6891 | D:9      | 6891 ||| READING scroll labelled GEKLUSSESO.
  6958 | Lair:1   | Entered Level 1 of the Lair of Beasts
  6980 | Lair:1   | Reached skill level 1 in Invocations
  6988 | Lair:1   | 6988 ||| INVOKING Heroism.
  6989 | Lair:1   | Noticed a boulder beetle
  7000 | Lair:1   | HP: 14/64 [boulder beetle (8)]
  7001 | Lair:1   | 7001 ||| READING scroll of teleportation.
  7001 | Lair:1   | HP: 6/64 [boulder beetle (7)]
  7004 | Lair:1   | Killed a boulder beetle
  7005 | Lair:1   | Reached skill level 13 in Ranged Weapons
  7005 | Lair:1   | Reached skill level 3 in Invocations
  7006 | Lair:1   | HP: 10/64 [wolf (1)]
  7007 | Lair:1   | 7007 ||| INVOKING Heroism.
  7091 | Lair:1   | Noticed qw's ghost (journeyman MiHs)
  7093 | Lair:1   | Found a runed translucent door.
  7102 | Lair:1   | Reached XP level 11. HP: 68/68 MP: 13/13
  7106 | Lair:1   | 7106 ||| INVOKING Heroism.
  7168 | Lair:1   | 7168 ||| INVOKING Heroism.
  7172 | Lair:1   | Reached skill level 9 in Fighting
  7214 | Lair:1   | 7214 ||| INVOKING Heroism.
  7261 | Lair:1   | Reached ** piety under Okawaru
  7262 | Lair:1   | Reached skill level 3 in Armour
  7611 | Lair:1   | 7611 ||| UPGRADING to +2 helmet.
  7621 | Lair:1   | 7621 ||| DROPPING +1 helmet.
  7741 | Lair:2   | Noticed a death yak
  7741 | Lair:2   | Noticed a death yak
  7742 | Lair:2   | 7742 ||| INVOKING Heroism.
  7745 | Lair:2   | Noticed a death yak
  7746 | Lair:2   | Noticed a death yak
  7747 | Lair:2   | Noticed a death yak
  7753 | Lair:2   | Killed a death yak
  7753 | Lair:2   | Reached *** piety under Okawaru
  7754 | Lair:2   | Reached skill level 14 in Ranged Weapons
  7756 | Lair:2   | Noticed a death yak
  7758 | Lair:2   | Killed a death yak
  7766 | Lair:2   | HP: 14/71 [death yak (11)]
  7766 | Lair:2   | HP: 1/71 [death yak (13)]
  7767 | Lair:2   | 7767 ||| READING 2 scrolls of teleportation.
  7767 | Lair:2   | Mangled by a death yak

Levels and vault maps discovered:
D:1:      dpeg_arrival_long_road, layout_rooms,
          dreamdust_ecumenical_altar_drowned_temple
D:2:      cheibrodos_old_hovel, layout_loops_corners, basic_altar
D:3:      layout_basic
D:4:      layout_loops_ring, minmay_temple_entry_statues_fountains,
          minmay_fire_ice_demons
D:5:      layout_basic, lemuel_doored_altar, mainiacjoe_overflow_tiny_flanked,
          minivault_5, uniq_menkaure
D:6:      layout_cave_pools, corner_web_ring, water_boxes_lemuel, uniq_edmund
D:7:      layout_cave_pools, nicolae_overflow_hidden_temple,
          nicolae_vehumet_altar_sigil, enter_bailey_8
D:8:      layout_loops_corners, minitemple, erik_lair_orcish_takeover,
          uniq_joseph
D:9:      layout_basic, okawaru_ov_weapons_minmay,
          nicolae_dithmenos_the_darkroom, small_chamber_with_monster
Temple:   nicolae_temple_bog_church
Lair:1:   layout_misc_corridors, hellmonk_ghost_happy_afterlife,
          lemuel_old_faithful, lemuel_fruit_fields, grunt_megastairs_4
Lair:2:   beargit_carnivore_pack, layout_long_grid,
          minmay_shoals_entry_centaurs, pdpol_lair_cabin_in_the_woods,
          uniq_prince_ribbit2

Skill      XL: |  1  2  3  4  5  6  7  8  9 10 11 |
---------------+----------------------------------+-----
Ranged Weapons | 3 4 5 6 7 9 11 13 14 | 14.0
Fighting       | 2 3 4 6 7 8 9 |  9.5
Armour         | 1 2 3 |  3.4
Dodging        | 2 4 5 |  5.0
Invocations    | 3 4 |  4.2
Spellcasting   | |  1.0
Hexes          | |  2.6

Action                     |  1- 3 |  4- 6 |  7- 9 | 10-12 || total
---------------------------+-------+-------+-------+-------++-------
   Fire: Sling             |   138 |    27 |       |       ||   165
         Longbow           |       |    83 |   210 |   256 ||   549
 Invoke: Heroism           |       |       |       |     7 ||     7
    Use: Scroll            |     5 |     4 |     9 |     4 ||    22
         Potion            |       |     1 |     4 |     1 ||     6
 Armour: Robe              |    23 |     4 |       |       ||    27
         Leather armour    |       |     9 |    27 |    95 ||   131
         Ring mail         |       |       |    15 |       ||    15
  Dodge: Dodged            |    37 |    23 |    68 |   169 ||   297

Table legend:
 A = Non-vault XP
 B = Vault XP
 C = Vault XP percentage of total XP
 D = Non-vault monster count
 E = Vault monster count
 F = Vault count percentage of total count
                 A         B        C        D         E       F
            +---------+---------+-------+---------+---------+-------
      Total |   13398 |    2050 |  13.3 |     214 |      18 |   7.8
            +---------+---------+-------+---------+---------+-------
        D:1 |      45 |       1 |   2.2 |      27 |       1 |   3.6
        D:2 |      58 |       1 |   1.7 |      22 |       1 |   4.3
        D:3 |     138 |       0 |   0.0 |      20 |       0 |   0.0
        D:4 |     134 |      61 |  31.3 |      14 |       2 |  12.5
        D:5 |     536 |     172 |  24.3 |       7 |       1 |  12.5
        D:6 |     978 |     171 |  14.9 |      27 |       1 |   3.6
        D:7 |    1045 |       0 |   0.0 |      21 |       0 |   0.0
        D:8 |     818 |    1060 |  56.4 |      17 |       9 |  34.6
        D:9 |    2446 |     220 |   8.3 |      32 |       1 |   3.0
     Lair:1 |    5001 |     364 |   6.8 |      20 |       2 |   9.1
     Lair:2 |    2199 |       0 |   0.0 |       7 |       0 |   0.0
            +---------+---------+-------+---------+---------+-------
